 Dungeon Crawl Stone Soup version 0.22-a0-348-gd16d139 (webtiles) character file.

8941 kidcy the Destroyer (level 11, -3/64 HPs)
             Began as a Deep Elf Fire Elementalist on Apr 10, 2018.
             Was an Initiate of Gozag.
             Slain by a wraith (12 damage)
             ... led by Josephine
             ... on level 10 of the Dungeon.
             The game lasted 00:36:31 (13517 turns).

kidcy the Destroyer (Deep Elf Fire Elementalist)   Turns: 13517, Time: 00:36:33

Health: -3/64      AC:  7    Str: 10    XL:     11   Next: 16%
Magic:  5/27       EV: 13    Int: 27    God:    Gozag
Gold:   345        SH:  0    Dex: 15    Spells: 10/31 levels left

rFire    + + .     SeeInvis .   m - +3 dagger (venom)
rCold    + . .     Gourm    .   (no shield)
rNeg     . . .     Faith    .   a - +0 robe
rPois    .         Spirit   .   D - +2 hat {Int+3}
rElec    .         Reflect  .   o - scarf {cloud immunity}
rCorr    .         Harm     .   y - +1 pair of gloves
MR       +....                  H - +0 pair of boots {run}
Stlth    ++........             (no amulet)
HPRegen  0.20/turn              I - ring of wizardry
MPRegen  0.20/turn              f - ring "Maloaq" {rF++ rC+ Str+5}

@: hasted and slowed, drained, quick
A: no striking features
a: Potion Petition, Call Merchant, Bribe Branch, Renounce Religion


You were on level 10 of the Dungeon.
You worshipped Gozag.
Gozag was aware of your devotion.
You were not hungry.

You visited 2 branches of the dungeon, and saw 11 of its levels.
You also visited: Ossuary.

You collected 1554 gold pieces.
You spent 1146 gold pieces at shops.
You paid 63 gold pieces to Gozag.

Inventory:

Hand Weapons
 m - a +3 dagger of venom (weapon)
 x - the +5 trident of Doom {flame, Str+2 Dex+7 Stlth-}
   (You found it on level 4 of the Dungeon)

   It has been specially enchanted to burn those struck by it, causing extra
   injury to most foes and up to half again as much damage against particularly
   susceptible opponents.
   It affects your strength (+2).
   It affects your dexterity (+7).
   It makes you less stealthy.
Armour
 a - a +0 robe (worn)
 o - a scarf of cloud immunity (worn)
 y - a +1 pair of gloves (worn)
 D - a +2 hat of intelligence (worn)
 H - a +0 pair of boots of running (worn)
Jewellery
 f - the ring "Maloaq" (right hand) {rF++ rC+ Str+5}
   (You found it on level 6 of the Dungeon)

   [ring of protection from cold]

   It affects your strength (+5).
   It greatly protects you from fire.
   It protects you from cold.
 k - an uncursed ring of positive energy
 l - a +3 ring of strength
 n - an uncursed ring of positive energy
 t - an uncursed ring of see invisible
 G - an uncursed ring of protection from cold
 I - a ring of wizardry (left hand)
Wands
 A - a wand of acid (16)
 B - a wand of random effects (47)
 C - a wand of flame (22)
Scrolls
 c - 5 scrolls of remove curse
 g - 3 scrolls of enchant weapon
 i - 2 scrolls of identify
 j - 7 scrolls of teleportation
 s - a scroll of fog
 w - a scroll of enchant armour
Potions
 b - 5 potions of agility
 d - 5 potions of haste
 e - 15 potions of degeneration
 h - 6 potions of curing
 q - 2 potions of cancellation
 r - 2 potions of resistance
 u - 2 potions of might
 v - a potion of ambrosia
 z - a potion of magic
 E - a potion of flight {unknown}
Comestibles
 p - 10 rations


   Skills:
 * Level 5.3 Fighting
 + Level 3.5 Armour
 - Level 2.4(2.3) Dodging
 - Level 2.4(2.3) Stealth
 + Level 10.9(10.8) Spellcasting
 + Level 11.4(11.3) Conjurations
 + Level 9.4 Fire Magic


You had 10 spell levels left.
You knew the following spells:

 Your Spells              Type           Power        Failure   Level  Hunger
a - Flame Tongue          Conj/Fire      #####        1%          1    None
b - Blink                 Tloc           N/A          2%          2    None
c - Conjure Flame         Conj/Fire      ######..     1%          3    None
d - Sticky Flame          Conj/Fire      ######..     1%          4    None
e - Fireball              Conj/Fire      ######....   1%          5    ###....
f - Throw Flame           Conj/Fire      ######       1%          2    None
g - Mephitic Cloud        Conj/Pois/Air  #####...     1%          3    None
h - Apportation           Tloc           ##....       1%          1    None


Dungeon Overview and Level Annotations

Branches:
Dungeon (10/15)            Temple (1/1) D:5            Lair (0/6) D:10
    Orc (0/2) D:9

Altars:
Ashenzari
Cheibriados
Dithmenos
Elyvilon
Fedhas
Gozag
Hepliaklqana
Kikubaaqudgha
Makhleb
Nemelex Xobeh
Okawaru
Qazlal
Ru
Sif Muna
Trog
Uskayaw
Vehumet
Wu Jian
Xom
Yredelemnul
Zin
The Shining One

Shops:
D:6 =:!*   D:7 :?[(

Annotations:
D:3 exclusion: downstairs
D:10 Josephine


Message History

Aim: a wraith (severely damaged)
The sticky flame hits the wraith.
The wraith is almost destroyed.
The wraith hits you!
* * * LOW HITPOINT WARNING * * *
You barely miss the wraith.
The wraith is almost destroyed.
The wraith hits you.
* * * LOW HITPOINT WARNING * * *
The wraith drains your vigour!
You feel yourself slow down.
A sky beast comes into view.
The sky beast moves out of view.
The wraith hits you.
* * * LOW HITPOINT WARNING * * *
You feel yourself speed up. The wraith hits you!
* * * LOW HITPOINT WARNING * * *
The wraith drains your vigour!
You feel as though you will be slow longer.
The wraith hits you!
You die...
Your body crumbles into a pile of gold.

...... ...... ........## ......
......... .(.... ....... ......
..... .....# ########..# ......
..........############## ......
.......Y........[....... ######
.......@W...............
.############........... ########
#..................... .......#
#..................... .......+
#..................... .#######
#########.............
.###################.............
...........................[.....
######...................#...≈≈§§


You could see a wraith and a sky beast.

Vanquished Creatures
  2 two-headed ogres (D:8)
  An unseen horror (D:8)
  Pikel (D:8)
  The ghost of zero the Jinx, a novice SpEn (D:6)
  2 hippogriffs
  Sigmund (D:3)
  3 yaks (D:9)
  A wyvern (D:10)
  The ghost of Amnesiac the Conjurer, an amateur DECj (D:3)
  Duvessa (D:6)
  2 hell hounds (D:10)
  A swamp drake (D:9)
  5 orc warriors
  2 black bears
  2 slaves (D:7)
  2 ice beasts
  2 sky beasts
  A phantom (D:5)
  4 ogres
  A necrophage (D:5)
  2 centaurs
  An elf zombie (Ossuary)
  A big kobold (D:7)
  8 bullfrogs
  Dowan (D:6)
  A scorpion (D:4)
  8 killer bees
  8 wights
  2 crimson imps
  A centaur zombie (D:5)
  A gnoll shaman (D:6)
  A bullfrog zombie (D:7)
  A jelly (D:5)
  7 orc priests
  2 bullfrog skeletons
  7 orc wizards
  5 hounds
  2 centaur skeletons
  3 iguanas
  7 worker ants
  A hound skeleton (D:4)
  3 mummies (Ossuary)
  A worker ant zombie (D:9)
  3 gnolls (D:6)
  11 adders
  3 shadow imps
  2 oozes
  2 adder zombies
  4 worms
  An adder skeleton (D:6)
  4 dart slugs
  5 leopard geckos
  41 orcs
  5 ball pythons
  9 bats
  4 giant cockroaches
  6 goblins
  4 hobgoblins
  2 jackals (D:10)
  4 quokkas
  7 frilled lizards
  2 goblin zombies (Ossuary)
  2 hobgoblin zombies (Ossuary)
  12 kobolds
  4 kobold zombies (Ossuary)
  An orc zombie (Ossuary)
  3 quokka zombies (Ossuary)
  10 rats
  5 rat zombies (Ossuary)
266 creatures vanquished.

Vanquished Creatures (others)
  2 crimson imps (D:8)
2 creatures vanquished.

Grand Total: 268 creatures vanquished

Notes
Turn   | Place    | Note
-------+----------+-------------------------------------------
     0 | D:1      | kidcy the Deep Elf Fire Elementalist began the quest for the Orb.
     0 | D:1      | Reached XP level 1. HP: 10/10 MP: 6/6
   270 | D:1      | Reached XP level 2. HP: 13/15 MP: 5/8
   321 | D:1      | Reached skill level 2 in Conjurations
   662 | D:1      | Learned a level 2 spell: Throw Flame
  1041 | D:2      | Reached XP level 3. HP: 15/19 MP: 5/10
  1054 | D:2      | Learned a level 3 spell: Conjure Flame
  1237 | D:2      | Reached skill level 3 in Conjurations
  1740 | D:2      | Reached XP level 4. HP: 24/24 MP: 11/11
  2328 | D:3      | Noticed Amnesiac's ghost (amateur DECj)
  2580 | D:3      | Killed Amnesiac's ghost
  2580 | D:3      | Reached skill level 4 in Conjurations
  2580 | D:3      | Reached XP level 5. HP: 25/28 MP: 0/13
  2950 | D:3      | Learned a level 4 spell: Sticky Flame
  3025 | D:3      | Reached XP level 6. HP: 18/32 MP: 7/15
  3641 | D:3      | Noticed Sigmund
  3657 | D:3      | Killed Sigmund
  3657 | D:3      | Reached skill level 5 in Spellcasting
  3657 | D:3      | Reached skill level 5 in Conjurations
  3657 | D:3      | Reached skill level 5 in Fire Magic
  3805 | D:4      | Found a sand-covered staircase.
  3812 | Ossuary  | Entered an ossuary
  3822 | Ossuary  | Learned a level 5 spell: Fireball
  4089 | Ossuary  | Reached skill level 6 in Conjurations
  4089 | Ossuary  | Reached XP level 7. HP: 17/36 MP: 1/17
  4879 | D:4      | Got a scorched trident
  4885 | D:4      | Identified the +5 trident of Doom {flame, Str+2 Dex+7 Stlth-} (You found it on level 4 of the Dungeon)
  5352 | D:5      | Entered Level 5 of the Dungeon
  5352 | D:5      | Found a stormy altar of Qazlal.
  5501 | D:5      | Found a staircase to the Ecumenical Temple.
  5559 | Temple   | Entered the Ecumenical Temple
  5610 | Temple   | Became a worshipper of Gozag Ym Sagoz the Greedy
  5853 | D:5      | Reached skill level 7 in Conjurations
  6409 | D:5      | Reached XP level 8. HP: 26/41 MP: 15/20
  6792 | D:6      | Noticed zero's ghost (novice SpEn)
  7309 | D:6      | Reached skill level 8 in Conjurations
  7430 | D:6      | Found Itialurph's Jewellery Shop.
  8018 | D:6      | Found Gozag's Platinum Reserve.
  8027 | D:6      | Reached skill level 9 in Conjurations
  8042 | D:6      | Found an opulent altar of Gozag.
  8123 | D:6      | Reached XP level 9. HP: 20/45 MP: 12/23
  8128 | D:6      | Noticed Duvessa
  8142 | D:6      | Killed Duvessa
  8145 | D:6      | Noticed Dowan
  8148 | D:6      | Killed Dowan
  8313 | D:6      | Found Ixaegumo's Book Shop.
  8372 | D:6      | Killed zero's ghost
  8784 | D:6      | Got a faintly glowing brass ring
  8835 | D:6      | Found Wyfeela's Distillery.
  8838 | D:6      | Bought 2 potions of haste for 240 gold pieces
  8838 | D:6      | Bought a potion of curing for 36 gold pieces
  8838 | D:6      | Bought a potion of curing for 36 gold pieces
  8838 | D:6      | Bought a potion of curing for 36 gold pieces
  8840 | D:6      | Identified the ring "Maloaq" {rF++ rC+ Str+5} (You found it on level 6 of the Dungeon)
  8884 | D:7      | Found Xuinte Ginn's Weapon Shop.
  8890 | D:7      | Reached skill level 10 in Conjurations
  9344 | D:7      | Found Cusk's Magic Scroll Shoppe.
  9619 | D:7      | Found Iqoem's Book Shoppe.
  9681 | D:7      | Reached skill level 1 in Fighting
  9761 | D:7      | Found Milamura's Armour Emporium.
  9895 | D:7      | Reached skill level 1 in Armour
 10011 | D:8      | Noticed a two-headed ogre
 10028 | D:8      | Killed a two-headed ogre
 10028 | D:8      | Reached XP level 10. HP: 54/54 MP: 13/25
 10374 | D:8      | Noticed Pikel
 10637 | D:8      | Killed Pikel
 10637 | D:8      | Reached skill level 10 in Spellcasting
 10818 | D:8      | Noticed a two-headed ogre
 10845 | D:8      | Killed a two-headed ogre
 10845 | D:8      | Reached skill level 11 in Conjurations
 11259 | D:8      | Noticed an unseen horror
 11263 | D:8      | Killed an unseen horror
 11749 | D:9      | Found a staircase to the Orcish Mines.
 12196 | D:9      | Learned a level 2 spell: Blink
 12200 | D:9      | Learned a level 3 spell: Mephitic Cloud
 12299 | D:9      | Reached XP level 11. HP: 41/62 MP: 9/27
 12469 | D:7      | Bought a +0 pair of boots of running for 378 gold pieces
 12529 | D:6      | Bought an uncursed ring of wizardry for 420 gold pieces
 12600 | D:10     | Entered Level 10 of the Dungeon
 12619 | D:9      | Reached skill level 5 in Fighting
 12980 | D:10     | Noticed Josephine
 13168 | D:10     | Found a staircase to the Lair.
 13471 | D:10     | Learned a level 1 spell: Apportation
 13517 | D:10     | Slain by a wraith

Vault maps used:
D:1:      dpeg_arrival_court, due_unseen_surprise
D:3:      uniq_sigmund
D:4:      chequers_ossuary_entry_cave, nicolae_underground_beach
D:5:      nicolae_qazlal_general_emergency,
          minmay_temple_entry_statues_fountains, first_ration
D:6:      serial_shops, shop, kennysheep_mini_moat, shop,
          nicolae_gozag_zags_fifth_avenue, uniq_duvessa
D:7:      serial_shops, nicolae_shop_window_shopping, shop, shop,
          nicolae_shop_crystal
D:8:      uniq_pikel
D:9:      erik_orc_1, glass_columns_c
D:10:     minmay_lair_entry_lava, enter_trove_3, uniq_josephine
Temple:   nicolae_temple_the_god_donut
Ossuary:  ossuary_minmay_chase

Skill      XL: |  1  2  3  4  5  6  7  8  9 10 11 |
---------------+----------------------------------+-----
Conjurations   | 2 3 4 6 7 9 10 11 | 11.4
Spellcasting   | 4 5 6 8 9 10 | 10.9
Fire Magic     | 4 5 6 7 8 9 |  9.4
Fighting       | 2 4 5 |  5.3
Armour         | 1 3 |  3.5
Dodging        | |  2.4
Stealth        | |  2.4

Action                   |  1- 3 |  4- 6 |  7- 9 | 10-12 || total
-------------------------+-------+-------+-------+-------++-------
Melee: Unarmed           |     6 |       |       |       ||     6
       Dagger            |     3 |    72 |   171 |    97 ||   343
 Cast: Flame Tongue      |    68 |    63 |   113 |    60 ||   304
       Throw Flame       |     2 |       |     3 |     1 ||     6
       Conjure Flame     |       |     6 |    17 |     6 ||    29
       Sticky Flame      |       |     5 |    39 |    39 ||    83
       Fireball          |       |     2 |    12 |    11 ||    25
       Blink             |       |       |       |     3 ||     3
Evoke: Wand              |       |       |       |     4 ||     4
  Use: Scroll            |       |     5 |    19 |     5 ||    29
       Potion            |       |       |     2 |     3 ||     5
 Stab: Sleeping          |       |     6 |     1 |     2 ||     9
       Distracted        |       |       |     1 |       ||     1
  Eat: Chunk             |     2 |     4 |     3 |     2 ||    11
       Ration            |       |     2 |     6 |     3 ||    11
Armor: Robe              |     7 |    15 |    37 |    38 ||    97
Dodge: Dodged            |    31 |    59 |   140 |    72 ||   302

Table legend:
 A = Spawn XP
 B = Non-spawn XP
 C = Spawn XP percentage of total XP
 D = Spawn monster count
 E = Non-spawn monster count
 F = Spawn count percentage of total count
 G = Total turns spent on level
                    A         B        C        D         E        F      G
               +---------+---------+-------+---------+---------+-------+---------
         Total |       0 |   12774 |   0.0 |       0 |     264 |   0.0 | 13517
               +---------+---------+-------+---------+---------+-------+---------
           D:1 |       0 |      37 |   0.0 |       0 |      19 |   0.0 |   928
           D:2 |       0 |      69 |   0.0 |       0 |      26 |   0.0 |  1510
           D:3 |       0 |     541 |   0.0 |       0 |      32 |   0.0 |  1317
           D:4 |       0 |     275 |   0.0 |       0 |      16 |   0.0 |   878
           D:5 |       0 |     499 |   0.0 |       0 |      10 |   0.0 |  1578
           D:6 |       0 |    2043 |   0.0 |       0 |      34 |   0.0 |  1745
           D:7 |       0 |    1294 |   0.0 |       0 |      32 |   0.0 |  1443
           D:8 |       0 |    4348 |   0.0 |       0 |      27 |   0.0 |  1264
           D:9 |       0 |    2011 |   0.0 |       0 |      34 |   0.0 |  1237
          D:10 |       0 |    1483 |   0.0 |       0 |      13 |   0.0 |   647
       Ossuary |       0 |     174 |   0.0 |       0 |      21 |   0.0 |   719
               +---------+---------+-------+---------+---------+-------+---------
